 Dungeon Crawl Stone Soup version 0.20.0-8-g6b59dc7 (webtiles) character file.

100997 McKennaii the Fencer (level 15, -8/122 HPs)
             Began as a Demonspawn Abyssal Knight on May 30, 2017.
             Was an Elder of Lugonu.
             Killed from afar by a merfolk aquamancer (31 damage)
             ... with a shard of ice
             ... on level 2 of the Shoals.
             The game lasted 01:51:15 (40815 turns).

McKennaii the Fencer (Demonspawn Abyssal Knight)   Turns: 40815, Time: 01:51:16

Health: -8/122     AC: 18    Str: 14    XL:     15   Next: 82%
Magic:  0/20       EV: 14    Int: 16    God:    Lugonu [****..]
Gold:   1657       SH: 11    Dex: 24    Spells: 12/14 levels left

rFire    + + .     SeeInvis +   l - +5 double sword (freeze)
rCold    . . .     Gourm    .   E - +0 shield {reflect} (curse)
rNeg     . . .     Faith    .   Q - +1 scale mail of a labyrinth {rElec rF+ Int+2}
rPois    .         Spirit   +   S - +0 hat {SInv}
rElec    +         Reflect  +   e - +2 cloak {rF+}
rCorr    .         Harm     .   I - +0 pair of gloves
MR       +....                  (no boots)
Stlth    ++........             (no amulet)
Regen    0.3/turn               M - +3 ring of dexterity
MPRegen  0.4/turn               P - +4 ring of dexterity

@: no status effects
A: hooves 2, slimy green scales 2, powered by pain 2, magic shield, magic
regeneration
a: Depart the Abyss, Bend Space, Banish, Corrupt, Renounce Religion


You were on level 2 of the Shoals.
You worshipped Lugonu.
Lugonu was greatly pleased with you.
You were very hungry.

You visited 3 branches of the dungeon, and saw 21 of its levels.
You visited the Abyss 6 times.
You also visited: Sewer, Bailey, Ice Cave and Volcano.

You collected 2132 gold pieces.
You spent 475 gold pieces at shops.

Inventory:

Hand Weapons
 l - a +5 double sword of freezing (weapon)
 s - a +2 scimitar of flaming
Armour
 e - a +2 cloak of fire resistance (worn)
 E - a cursed +0 shield of reflection (worn)
 I - a +0 pair of gloves (worn)
 Q - the +1 scale mail of a labyrinth (worn) {rElec rF+ Int+2}
   (You bought it in a shop on level 8 of the Dungeon)

   It affects your intelligence (+2).
   It protects you from fire.
   It insulates you from electricity.
 S - a +0 hat of see invisible (worn)
Jewellery
 x - an uncursed ring of stealth
 G - an uncursed ring of resist corrosion
 H - an uncursed ring of flight
 L - an uncursed ring of positive energy
 M - a +3 ring of dexterity (left hand)
 P - a +4 ring of dexterity (right hand)
Wands
 n - a wand of iceblast (7/15)
 y - a wand of random effects (14/48)
 C - a wand of flame (21/48)
 W - a wand of disintegration (11/24)
Scrolls
 b - 4 scrolls of enchant armour
 g - 12 scrolls of identify
 i - 3 scrolls of teleportation
 m - 2 scrolls of fear
 p - a scroll of amnesia
 A - 4 scrolls of fog
 B - 5 scrolls of magic mapping
 D - 7 scrolls of remove curse
 K - a scroll of blinking
 N - a scroll of acquirement
 V - 3 scrolls of recharging
Potions
 a - 3 potions of haste
 d - 2 potions of brilliance
 f - 4 potions of lignification
 h - 7 potions of flight
 k - 4 potions of invisibility
 o - 2 potions of resistance
 r - 2 potions of might
 t - 2 potions of curing
 w - a potion of cancellation
 z - 2 potions of agility
 F - 2 potions of ambrosia
 X - a potion of berserk rage
Books
 J - a book of Dreams

   Spells                             Type                      Level
   a - Ensorcelled Hibernation        Hexes/Ice                    2
   b - Silence                        Hexes/Air                    5
   c - Darkness                       Hexes                        6
   d - Shadow Creatures               Summoning                    6
Comestibles
 c - 18 bread rations
 j - 14 meat rations
 q - 14 royal jellies
 v - 21 fruits


   Skills:
 + Level 12.9 Fighting
 + Level 16.1 Long Blades
 + Level 11.4 Armour
 + Level 7.6 Dodging
 + Level 5.2 Stealth
 + Level 7.8 Shields
 + Level 0.1 Unarmed Combat
 + Level 6.6 Invocations
 + Level 2.1 Evocations


You had 12 spell levels left.
You knew the following spells:

 Your Spells              Type           Power        Failure   Level  Hunger
a - Shroud of Golubria    Chrm/Tloc      #.........   96%         2    ###....


Dungeon Overview and Level Annotations

Branches:
Dungeon (13/15)            Temple (0/1) D:7            Lair (6/6) D:9
 Shoals (2/4) Lair:4       Spider (0/4) Lair:3        Slime (0/5) Lair:5
    Orc (0/2) D:12
 Vaults: D:13-14

Altars:
Dithmenos
Fedhas
Gozag
Kikubaaqudgha
Nemelex Xobeh
Okawaru
Ru
Sif Muna
Trog
Yredelemnul
Zin
The Shining One
Jiyva

Shops:
D:8 [   D:9 [   Shoals:1 :

Annotations:
Lair:3 Rupert


Innate Abilities, Weirdness & Mutations

You have hoof-like feet.
You are mostly covered in slimy green scales. (AC +3)
You sometimes gain power by taking damage.
When hurt, damage is shared between your health and your magic reserves.
You regenerate magic rapidly.


Message History

You block the water elemental's attack. The water elemental barely misses you.
You riposte.
You slice the water elemental!! You freeze the water elemental.
You destroy the water elemental!
Lugonu accepts your kill.
You slice the water elemental!! You freeze the water elemental!
Your kick misses the water elemental.
The water elemental is severely damaged.
* * * LOW HITPOINT WARNING * * *
Your lungs strain for air!
You block the water elemental's attack.
A merfolk aquamancer comes into view.
It is wielding a rapier of electrocution.
You slice the water elemental!! You freeze the water elemental.
You destroy the water elemental!
Lugonu accepts your kill.
You gasp with relief as air once again reaches your lungs.
The merfolk aquamancer moves out of view.
A water elemental comes into view.
The merfolk aquamancer gestures at you while chanting.
The shard of ice hits you!
You die...

.≈≈≈≈≈≈≈E≈≈≈≈≈≈
≈≈≈≈≈≈≈≈≈≈≈≈≈≈≈≈
≈≈≈≈≈.≈≈≈≈≈≈≈≈≈≈
≈≈≈≈≈..m.≈≈≈≈≈≈≈
≈.......≈≈≈≈≈≈
.....≈.≈≈≈≈≈ #...≈≈≈....
##@.≈≈≈..#. #...≈≈.....
###.≈≈≈≈≈≈≈ #..≈≈≈≈≈≈
≈≈≈≈≈≈≈≈≈# ##.≈≈≈≈≈≈≈
≈≈≈≈≈≈≈≈.# ##..≈≈≈≈≈≈≈
≈≈≈≈≈≈≈≈.# ##..≈≈≈≈≈≈≈≈
≈≈≈≈≈≈≈≈.# ##..≈≈≈≈≈≈≈≈≈
≈≈≈≈≈≈≈≈.####...≈≈≈≈≈≈≈≈≈


You could see a merfolk aquamancer and a water elemental (dormant).

Vanquished Creatures
  Kirke (D:13)
  Gastronok (Lair:3)
  A tentacled starspawn (Abyss:1)
  Donald (Shoals:1)
  A very ugly thing (Abyss:1)
  A reaper (IceCv)
  A red draconian (Volcano)
  Josephine (Lair:5)
  A fire dragon (Lair:6)
  An ogre mage (Volcano)
  A centaur warrior (D:13)
  Harold (Lair:3)
  An ice dragon (Lair:4)
  A death knight (D:13)
  6 hydras
  4 two-headed ogres (Volcano)
  11 death yaks
  A tengu warrior (D:13)
  A thrashing horror (Abyss:3)
  A skeletal warrior (D:13)
  Nergalle (Lair:3)
  A sea snake (Shoals:1)
  An unseen horror (D:10)
  2 lindwurms (Lair:6)
  Pikel (D:8)
  2 orc knights
  8 harpies
  2 deep elf magi (D:12)
  2 fauns (Shoals:1)
  5 manticores
  2 ugly things
  2 cyclopes
  A large abomination (Abyss:3)
  3 ice statues
  3 worldbinders
  A merfolk siren (Shoals:1)
  2 smoke demons (Abyss:3)
  2 water nymphs (Shoals:1)
  A molten gargoyle (Volcano)
  11 elephants
  7 torpor snails
  Psyche (D:9)
  A centaur skeleton (D:13)
  7 black mambas
  A gargoyle (Volcano)
  9 spiny frogs
  An efreet (Abyss:3)
  2 rime drakes
  2 kobold demonologists (D:13)
  A demonic crawler (Abyss:1)
  5 komodo dragons
  7 ice devils (IceCv)
  The ghost of Rrauwl the Chopper, an amateur MiAs (D:4)
  A tengu conjurer (D:13)
  A queen bee (D:10)
  A silent spectre (Abyss:2)
  A troll (D:12)
  8 hornets
  2 merfolk (Shoals:1)
  A polar bear (Lair:6)
  3 tyrant leeches (Lair:6)
  3 slime creatures (D:12)
  2 snapping turtles
  3 blink frogs (Lair:6)
  Grinder (D:5)
  3 raiju (Abyss:3)
  6 dream sheep
  8 hippogriffs
  A ynoxinul (Abyss:1)
  6 water elementals
  67 yaks
  Sigmund (D:3)
  8 wraiths
  6 wyverns
  4 hogs
  2 fire bats (Volcano)
  A basilisk (Lair:4)
  A neqoxec (Abyss:2)
  A hungry ghost (D:7)
  An acid dragon (D:13)
  17 water moccasins
  13 porcupines
  A hornet zombie (D:6)
  15 orc warriors
  20 ice beasts
  7 sky beasts
  6 black bears
  2 necrophages
  3 phantoms
  An eye of draining (D:10)
  4 ogres
  4 wolves
  6 centaurs
  22 crocodiles
  12 bullfrogs
  6 big kobolds
  Blork the orc (D:5)
  A gnoll sergeant (D:9)
  6 scorpions
  28 killer bees
  3 wights (D:8)
  4 electric eels (D:8)
  16 howler monkeys
  2 centaur zombies (D:8)
  6 crimson imps
  3 lava snakes
  3 jellies
  A quasit (D:7)
  An iron imp (Abyss:1)
  5 orc priests
  18 orc wizards
  10 hounds
  Terence (D:3)
  A bullfrog skeleton (D:12)
  Ijyb (D:5)
  Natasha (thrice) (D:3)
  5 iguanas
  2 hell rats (D:8)
  9 worker ants
  A hound zombie (D:5)
  2 hound skeletons
  A howler monkey zombie (D:10)
  5 worker ant zombies
  17 gnolls
  13 adders
  A river rat (Sewer)
  5 shadow imps
  8 white imps
  9 ufetubi
  An adder skeleton (D:6)
  3 worms
  A dart slug (D:1)
  6 leopard geckos
  87 orcs
  12 giant cockroaches
  25 goblins
  17 hobgoblins
  11 jackals
  28 kobolds
  3 quokkas
  3 ball pythons
  A ball python skeleton (D:5)
  8 bats
  5 frilled lizards
  A leopard gecko zombie (D:9)
  2 quokka skeletons
  12 rats
  3 plants
839 creatures vanquished.

Vanquished Creatures (others)
  A raiju (Abyss:3)
  2 humans (D:13)
  4 slaves (D:8)
  A worker ant (D:8)
  A hound skeleton (D:8)
  3 white imps (IceCv)
  5 ufetubi (IceCv)
  An orc (D:8)
  18 fungi
  26 plants
  2 starspawn tentacles (Abyss:1)
64 creatures vanquished.

Grand Total: 903 creatures vanquished

Notes
Turn   | Place    | Note
-------+----------+-------------------------------------------
     0 | Abyss:1  | McKennaii the Demonspawn Abyssal Knight began the quest for the Orb.
     0 | Abyss:1  | Reached XP level 1. HP: 18/18 MP: 2/2
    64 | Abyss:2  | Noticed a smoke demon
    66 | D:1      | Escaped the Abyss
   182 | D:1      | Reached skill level 2 in Long Blades
   190 | D:1      | Reached skill level 1 in Dodging
   190 | D:1      | Gained mutation: When hurt, damage is shared between your health and your magic reserves. [demonic ancestry]
   190 | D:1      | Reached XP level 2. HP: 19/24 MP: 3/3
   303 | D:1      | Reached * piety under Lugonu
   958 | D:2      | Reached XP level 3. HP: 29/29 MP: 4/4
  1527 | D:2      | Found a basalt altar of Yredelemnul.
  1792 | D:2      | Reached ** piety under Lugonu
  1792 | D:2      | Reached XP level 4. HP: 35/37 MP: 5/5
  1796 | D:2      | Noticed a hungry ghost
  1910 | D:3      | Noticed Sigmund
  1971 | D:3      | Noticed Terence
  1983 | D:3      | Killed Terence
  2095 | D:3      | Found a glowing drain.
  2143 | Sewer    | Entered a sewer
  2281 | Sewer    | Noticed a big kobold
  2312 | Sewer    | Killed a big kobold
  2312 | Sewer    | Reached skill level 3 in Long Blades
  2312 | Sewer    | Gained mutation: You regenerate magic rapidly. [demonic ancestry]
  2312 | Sewer    | Reached XP level 5. HP: 37/42 MP: 6/6
  2344 | Sewer    | Found a white marble altar of Elyvilon.
  2533 | D:3      | Killed Sigmund
  2533 | D:3      | Reached skill level 4 in Long Blades
  2533 | D:3      | Reached skill level 1 in Stealth
  2533 | D:3      | Reached XP level 6. HP: 15/48 MP: 4/7
  3178 | D:3      | Noticed Natasha
  3186 | D:3      | Killed Natasha
  3314 | D:3      | Noticed Natasha
  3321 | D:3      | Killed Natasha
  3486 | D:3      | Reached *** piety under Lugonu
  3490 | D:3      | Gained mutation: You have large cloven feet. [demonic ancestry]
  3490 | D:3      | Reached XP level 7. HP: 53/55 MP: 8/8
  3599 | D:3      | Noticed Natasha
  3606 | D:3      | Killed Natasha
  3717 | D:4      | Noticed Rrauwl's ghost (amateur MiAs)
  3750 | D:4      | Killed Rrauwl's ghost
  3750 | D:4      | Reached skill level 5 in Long Blades
  4240 | D:5      | Entered Level 5 of the Dungeon
  4250 | D:5      | Reached skill level 5 in Fighting
  4310 | D:5      | Found a blossoming altar of Fedhas.
  4310 | D:5      | Noticed Blork the orc
  4322 | D:5      | Killed Blork the orc
  4322 | D:5      | Gained mutation: You sometimes gain a little power by taking damage. [demonic ancestry]
  4322 | D:5      | Reached XP level 8. HP: 39/62 MP: 9/9
  4474 | D:5      | Noticed Ijyb
  4533 | D:5      | Killed Ijyb
  4686 | D:5      | Noticed Grinder
  4939 | D:4      | Reached skill level 6 in Long Blades
  5259 | D:5      | Paralysed by Grinder for 2 turns
  5264 | D:5      | Killed Grinder
  5534 | D:5      | Reached skill level 5 in Armour
  5732 | D:5      | Reached skill level 1 in Shields
  6108 | D:5      | Reached **** piety under Lugonu
  6200 | D:5      | Reached skill level 7 in Long Blades
  6200 | D:5      | Reached XP level 9. HP: 37/69 MP: 4/10
  7681 | D:7      | Found a staircase to the Ecumenical Temple.
  7724 | D:7      | Reached skill level 8 in Long Blades
  7847 | D:7      | Found a glowing silver altar of Zin.
  7848 | D:7      | Found an opulent altar of Gozag.
  8012 | D:7      | Found a flagged portal.
  8043 | Bailey   | Entered a bailey
  8187 | Bailey   | Reached ***** piety under Lugonu
  8308 | Bailey   | Reached XP level 10. HP: 49/77 MP: 10/12
  8453 | Bailey   | Noticed an orc knight
  8508 | Bailey   | Killed an orc knight
  9397 | Bailey   | Got an aquamarine-studded ring mail
  9436 | Bailey   | Identified the +1 ring mail of Jigsaw {rC+ Str-5 Dex+4} (You took it off a hobgoblin in a bailey)
  9483 | Bailey   | Noticed an orc warlord
  9490 | Bailey   | Noticed an orc knight
  9493 | Bailey   | Noticed an orc knight
 10336 | D:7      | Killed an orc knight
 10336 | D:7      | Reached skill level 9 in Long Blades
 11452 | Abyss:1  | Noticed a green death
 11516 | Abyss:2  | Noticed a flayed ghost
 11520 | Abyss:2  | Noticed a green death
 11547 | Abyss:2  | Noticed a large abomination
 11548 | D:7      | Escaped the Abyss
 12004 | D:8      | Found Leziliepn's Antique Armour Shoppe.
 12008 | D:8      | Found a transporter.
 12022 | D:8      | Bought a faintly glowing scale mail for 279 gold pieces
 12033 | D:8      | Identified the cursed +1 scale mail of a labyrinth {rElec rF+ Int+2} (You bought it in a shop on level 8 of the Dungeon)
 12060 | D:8      | Found a transporter.
 12494 | D:8      | Found a sacrificial altar of Ru.
 12702 | D:8      | Noticed Pikel
 12869 | D:8      | Killed Pikel
 12869 | D:8      | Gained mutation: You are partially covered in slimy green scales. (AC +2) [demonic ancestry]
 12869 | D:8      | Reached XP level 11. HP: 62/84 MP: 10/13
 13787 | D:8      | Reached skill level 10 in Long Blades
 13829 | D:8      | Noticed a two-headed hydra
 13853 | D:8      | Killed a two-headed hydra
 14085 | D:8      | Reached skill level 1 in Evocations
 14552 | D:9      | Found a deep blue altar of Sif Muna.
 14553 | D:9      | Found an ancient bone altar of Kikubaaqudgha.
 14553 | D:9      | Found a shadowy altar of Dithmenos.
 14553 | D:9      | Found an iron altar of Okawaru.
 14560 | D:9      | Found a glowing golden altar of the Shining One.
 14565 | D:9      | Found a sparkling altar of Nemelex Xobeh.
 14846 | D:9      | Noticed a death yak
 14846 | D:9      | Noticed a death yak
 14864 | D:9      | Noticed a death yak
 15094 | D:8      | Killed a death yak
 16371 | D:8      | Killed a death yak
 16695 | D:8      | Killed a death yak
 16933 | D:9      | Found a staircase to the Lair.
 17406 | D:9      | Noticed Psyche
 17418 | D:9      | Cast into level 2 of the Abyss (Psyche)
 17492 | D:9      | Escaped the Abyss
 17510 | D:9      | Killed Psyche
 17510 | D:9      | Reached skill level 11 in Long Blades
 17794 | D:9      | Found Misoyhuv's Antique Armour Boutique.
 17802 | D:9      | Bought a runed hat for 196 gold pieces
 18040 | D:10     | Entered Level 10 of the Dungeon
 19007 | D:10     | Gained mutation: You sometimes gain power by taking damage. [demonic ancestry]
 19007 | D:10     | Reached XP level 12. HP: 88/94 MP: 15/15
 19013 | D:10     | Reached skill level 5 in Dodging
 20335 | D:10     | Found a bloodstained altar of Trog.
 20418 | D:10     | Reached skill level 5 in Invocations
 20894 | Abyss:1  | Noticed a cyan very ugly thing
 20895 | D:10     | Escaped the Abyss
 21062 | D:11     | Identified a scroll of acquirement
 21807 | D:12     | Found a staircase to the Orcish Mines.
 23281 | D:13     | Noticed a centaur warrior
 23297 | D:13     | Reached skill level 12 in Long Blades
 23799 | D:13     | Noticed Kirke
 23803 | D:13     | Noticed a sphinx
 23819 | D:13     | Killed Kirke
 23819 | D:13     | Reached skill level 5 in Shields
 24371 | D:13     | Reached skill level 10 in Armour
 24415 | D:13     | Gained mutation: You are mostly covered in slimy green scales. (AC +3) [demonic ancestry]
 24415 | D:13     | Reached XP level 13. HP: 94/101 MP: 14/17
 25212 | D:13     | Reached skill level 10 in Fighting
 25420 | Lair:1   | Entered Level 1 of the Lair of Beasts
 26002 | Lair:1   | Reached skill level 13 in Long Blades
 26562 | Lair:2   | Found a dark tunnel.
 26570 | Volcano  | Entered a volcano
 26803 | Volcano  | Found a burning altar of Makhleb.
 27176 | Volcano  | Noticed a red draconian
 27198 | Volcano  | Killed a red draconian
 28334 | Lair:3   | Noticed Harold
 28344 | Lair:3   | Killed Harold
 28458 | Lair:3   | Noticed Rupert
 28864 | Lair:3   | Noticed Nergalle
 28880 | Lair:3   | Killed Nergalle
 28895 | Lair:3   | Noticed Gastronok
 28904 | Lair:3   | Gained mutation: You have hoof-like feet. [demonic ancestry]
 28904 | Lair:3   | Reached XP level 14. HP: 64/110 MP: 16/18
 29038 | Lair:4   | Found a frozen archway.
 29114 | IceCv    | Entered an ice cave
 29232 | IceCv    | Reached skill level 5 in Stealth
 29685 | IceCv    | Noticed a reaper
 30144 | IceCv    | Killed a reaper
 30613 | IceCv    | Reached skill level 14 in Long Blades
 32615 | Lair:3   | Killed Gastronok
 32646 | Lair:3   | Found a hole to the Spider Nest.
 33598 | Lair:4   | Found a staircase to the Shoals.
 34611 | Lair:5   | Noticed Josephine
 34631 | Lair:5   | Killed Josephine
 35044 | Lair:5   | Reached ****** piety under Lugonu
 35336 | Lair:5   | Found a viscous altar of Jiyva.
 35336 | Lair:5   | Found a staircase to the Slime Pits.
 35691 | Abyss:1  | Noticed a tentacled starspawn
 35699 | Abyss:1  | Killed a tentacled starspawn
 35699 | Abyss:1  | Reached skill level 15 in Long Blades
 35701 | Lair:5   | Escaped the Abyss
 36006 | Lair:6   | Entered Level 6 of the Lair of Beasts
 36174 | Lair:6   | Reached XP level 15. HP: 80/119 MP: 16/19
 37075 | Lair:6   | Found a runed door.
 37108 | Lair:6   | Paralysed by a hornet for 3 turns
 38464 | Abyss:4  | Noticed a thorn hunter
 38471 | Abyss:4  | Noticed an Executioner
 38472 | Lair:6   | Escaped the Abyss
 38628 | D:9      | Learned a level 2 spell: Shroud of Golubria
 38832 | Shoals:1 | Entered Level 1 of the Shoals
 39194 | Shoals:1 | Noticed Donald
 39578 | Shoals:1 | Reached skill level 16 in Long Blades
 40036 | Shoals:1 | Killed Donald
 40285 | Shoals:1 | Found Hiozob's Book Boutique.
 40815 | Shoals:2 | Killed from afar by a merfolk aquamancer

Skill      XL: |  1  2  3  4  5  6  7  8  9 10 11 12 13 14 15 |
---------------+----------------------------------------------+-----
Long Blades    | 2 3 4 5 7 8 9 11 12 13 15 16 | 16.1
Dodging        | 1 2 3 4 5 6 7 |  7.6
Armour         | 2 3 4 5 6 8 9 10 11 | 11.4
Fighting       | 4 5 6 7 8 9 10 12 | 12.9
Stealth        | 1 2 3 4 5 |  5.2
Shields        | 1 2 3 5 6 7 |  7.8
Invocations    | 3 4 5 6 |  6.6
Evocations     | 1 2 |  2.1
Unarmed Combat | |  0.1

Action                   |  1- 3 |  4- 6 |  7- 9 | 10-12 | 13-15 || total
-------------------------+-------+-------+-------+-------+-------++-------
Melee: Falchion          |   121 |   190 |   763 |  1680 |       ||  2754
       Unarmed           |       |     7 |       |       |       ||     7
       Kick              |       |       |   224 |   700 |   708 ||  1632
       Double sword      |       |       |       |   221 |  1363 ||  1584
       Scimitar          |       |       |       |       |    59 ||    59
Invok: Depart the Abyss  |     1 |       |       |     3 |     2 ||     6
       Bend Space        |       |       |     1 |    28 |    14 ||    43
       Enter the Abyss   |       |       |       |     2 |     2 ||     4
 Abil: Evoke Flight      |       |       |       |       |     2 ||     2
Evoke: Wand              |       |       |       |    27 |       ||    27
  Use: Potion            |       |     5 |     2 |     7 |     2 ||    16
       Scroll            |       |     7 |     1 |    17 |    18 ||    43
 Stab: Sleeping          |       |     7 |    10 |     3 |     8 ||    28
       Distracted        |       |       |       |     4 |     1 ||     5
       Confused          |       |       |       |     1 |       ||     1
  Eat: Chunk             |     3 |     6 |    17 |    45 |    37 ||   108
       Fruit             |       |       |     1 |     2 |     7 ||    10
       Royal jelly       |       |       |       |     4 |     6 ||    10
Armor: Plate armour      |   121 |       |       |       |       ||   121
       Shadow dragon sca |    27 |   152 |   526 |   326 |       ||  1031
       Skin              |       |    16 |       |       |       ||    16
       Scale mail        |       |       |       |   510 |   428 ||   938
Dodge: Dodged            |    29 |    86 |   188 |   757 |   713 ||  1773
Block: Buckler           |       |       |   128 |   400 |   412 ||   940
       Shield            |       |       |       |       |    41 ||    41
       Reflection        |       |       |       |       |     7 ||     7
       Rpst.: Falchion   |     8 |    24 |    75 |   186 |       ||   293
       Double sword      |       |       |       |    25 |   166 ||   191
       Scimitar          |       |       |       |       |     3 ||     3
